 Dungeon Sprint DCSS version 0.26-a0-660-gc07710193c (webtiles) character file.

Game seed: 12325282630544978594

63588 mhtbhm the Minotaur Blade (level 14, -6/155 HPs)
             Began as a Minotaur Fighter on Oct 5, 2020.
             Was the Champion of Trog.
             Killed from afar by Nikola (28 damage)
             ... with a chain lightning
             ... in the Dungeon (Sprint IX: "|||||||||||||||||||||||||||||").
             The game lasted 00:10:50 (4517 turns).

mhtbhm the Minotaur Blade (Minotaur Fighter)        Turns: 4517, Time: 00:10:50

Health: -6/155     AC: 24    Str: 33    XL:     14   Next: 68%
Magic:  13/13      EV: 16    Int:  5    God:    Trog [******]
Gold:   655        SH: 19    Dex:  9    Spells: 13/13 levels left

rFire    + . .     SeeInvis .   a - +6 scimitar (flame)
rCold    . . .     Faith    .   c - +1 kite shield {rF+}
rNeg     . . .     Spirit   .   b - +2 chain mail {MR+}
rPois    .         Reflect  .   (helmet restricted)
rElec    .         Harm     .   w - +0 cloak
rCorr    .         Rampage  .   v - +0 pair of gloves {Str+3}
MR       ++...     NoTele   +   n - +1 pair of boots
Stlth    ..........             (no amulet)
HPRegen  0.35/turn              y - +4 ring of evasion
MPRegen  0.13/turn              p - +3 ring of strength

@: berserk cooldown, slowed, very slow
A: retaliatory headbutt, horns 2
a: Berserk, Trog's Hand, Brothers in Arms, Renounce Religion


You were in the Dungeon.
You worshipped Trog.
Trog was exalted by your worship.
You visited 1 branch You collected 1916 gold pieces.
You spent 1261 gold pieces at shops.

Inventory:

Hand Weapons
 a - a +6 scimitar of flaming (weapon)
 q - a +2 scimitar of holy wrath
 D - a +3 antimagic demon blade
Missiles
 x - 2 javelins (quivered)
Armour
 b - a +2 chain mail of magic resistance (worn)
 c - a +1 kite shield of fire resistance (worn)
 n - a +1 pair of boots (worn)
 v - a +0 pair of gloves of strength (worn)
 w - a +0 cloak (worn)
Jewellery
 p - a +3 ring of strength (right hand)
 y - a +4 ring of evasion (left hand)
 z - an uncursed ring of protection from magic
 A - an uncursed ring of protection from cold
 B - an uncursed ring of see invisible
Scrolls
 j - 3 scrolls of blinking
 l - 2 scrolls of remove curse
 o - a scroll of fear
 s - 2 scrolls of enchant armour
 t - 4 scrolls of identify
 u - 3 scrolls of enchant weapon
 C - 3 scrolls of fog
Potions
 d - 2 potions of might
 e - 13 potions of curing
 f - 12 potions of heal wounds
 g - a potion of haste
 h - 4 potions of magic
 i - 3 potions of berserk rage
 k - 2 potions of invisibility
 r - 2 potions of stabbing


   Skills:
 + Level 22.5 Fighting
 + Level 23.8 Long Blades
 + Level 9.3 Throwing
 + Level 20.1 Armour
 + Level 5.8 Dodging
 + Level 2.7 Stealth
 + Level 23.1 Shields
   Level 4.6 Evocations


You had 13 spell levels left.
You didn't know any spells.
Your spell library was empty.

Dungeon Overview and Level Annotations

Branches:
Dungeon (1/1)

Altars:
Cheibriados
Dithmenos
Elyvilon
Fedhas
Gozag
Hepliaklqana
Kikubaaqudgha
Makhleb
Nemelex Xobeh
Okawaru
Qazlal
Ru
Sif Muna
Trog
Uskayaw
Vehumet
Wu Jian
Xom
Yredelemnul
Zin
The Shining One
Beogh
Jiyva
Lugonu

Shops:
D ![*!

Annotations:
D Nikola


Innate Abilities, Weirdness & Mutations

You reflexively headbutt those who attack you in melee.
You have a pair of horns on your head.


Message History

You feel a strong urge to attack something.
Unknown command.
Nikola the Mad Inventor comes into view.
He is wielding a +0 rapier of electrocution.
You are no longer berserk.
You are exhausted.
You feel yourself slow down.
Nikola shouts!
Things that are here:
a +4 great mace of flaming; a cursed +0 chain mail
Press: ? - help, Dir - move target cursor
As you read the scroll of blinking, it crumbles to dust.
Okay, then.
As you read the scroll of fog, it crumbles to dust.
The scroll dissolves into smoke.
Nikola gestures wildly while chanting.
You hear a mighty clap of thunder!
The lightning arc hits you!!
* * * LOW HITPOINT WARNING * * *
The lightning arc hits Nikola.
The lightning arc hits you!!
You die...

▓▓▓▓▓▓▓▓▓▓▓▓▓▓▓▓▓▓▓▓▓▓▓▓▓▓▓▓▓▓
)))§§§§§.§@.....@........)...▓
▓▓▓▓▓▓▓▓▓▓▓▓▓▓▓▓▓▓▓▓▓▓▓▓▓▓▓▓.▓
..)()).............'.........▓
▓▓▓▓▓▓▓▓▓▓▓▓▓▓▓▓▓▓▓▓▓▓▓▓▓▓▓▓▓▓
......................)).....▓
▓▓▓▓▓▓▓▓▓▓▓▓▓▓▓▓▓▓▓▓▓▓▓▓▓▓▓▓.▓
.....)††.†.†....'............▓
▓▓▓▓▓▓▓▓▓▓▓▓▓▓▓▓▓▓▓▓▓▓▓▓▓▓▓▓▓▓
.............................▓


You could see Nikola.

Vanquished Creatures
  Margery (D)
  Jory (D)
  Rupert (D)
  Agnes (D)
  A frost giant (D)
  A nagaraja (D)
  A vault warden (D)
  An emperor scorpion (D)
  Aizul (D)
  A very ugly thing (D)
  A stone giant (D)
  Snorg (D)
  An ettin (D)
  5 fire dragons (D)
  A great orb of eyes (D)
  A hydra (D)
  2 boulder beetles (D)
  An ice dragon (D)
  A ghost crab (D)
  An anaconda (D)
  3 centaur warriors (D)
  A deep troll shaman (D)
  A shock serpent (D)
  A vampire mage (D)
  Nergalle (D)
  Urug (D)
  3 tengu warriors (D)
  5 hell knights (D)
  A sea snake (D)
  An unseen horror (shapeshifter) (D)
  A glowing orange brain (D)
  A deep troll (shapeshifter) (D)
  A wizard (D)
  3 ironbrand convokers (D)
  A naga ritualist (D)
  3 orc sorcerers (D)
  2 necromancers (D)
  3 orc knights (D)
  An ugly thing (D)
  A deep elf mage (D)
  2 wolf spiders (D)
  A manticore (D)
  A black mamba (shapeshifter) (D)
  A torpor snail (D)
  A moth of wrath (D)
  A vault sentinel (D)
  A merfolk siren (D)
  3 guardian serpents (D)
  3 black mambas (D)
  2 cane toads (shapeshifter) (D)
  A cane toad (D)
  A komodo dragon (D)
  A kobold demonologist (D)
  A yaktaur (D)
  2 jumping spiders (D)
  A blink frog (shapeshifter) (D)
  A tyrant leech (D)
  4 polar bears (D)
  2 bog bodies (D)
  3 merfolk (D)
  A hornet (D)
  2 slime creatures (D)
  3 snapping turtles (D)
  A water elemental (D)
  3 redbacks (D)
  A wraith (D)
  5 yaks (D)
  A vampire mosquito (D)
  7 water moccasins (D)
  5 black bears (D)
  12 orc warriors (D)
  A swamp drake (D)
  3 centaurs (D)
  A bullfrog (D)
  A scorpion (D)
  A wight (D)
  6 orc priests (D)
  12 orc wizards (D)
  A worker ant (D)
  A river rat (shapeshifter) (D)
  An ufetubus (D)
  2 adder zombies (D)
  An adder simulacrum (D)
  4 orcs (D)
  A bat zombie (D)
  2 goblins (D)
  2 hobgoblins (D)
  A quokka (D)
  A ball python skeleton (D)
  A giant cockroach zombie (D)
  2 jackal skeletons (D)
  A leopard gecko skeleton (D)
  A rat (D)
181 creatures vanquished.

Vanquished Creatures (collateral kills)
  A vault warden (D)
  A very ugly thing (D)
  A vampire knight (D)
  An ogre mage (D)
  An ugly thing (D)
5 creatures vanquished.

Vanquished Creatures (others)
  A spriggan druid (D)
  2 cane toads (D)
3 creatures vanquished.

Grand Total: 189 creatures vanquished

Notes
Turn   | Place    | Note
-------+----------+-------------------------------------------
     0 | D        | mhtbhm the Minotaur Fighter began the quest for the Orb.
     0 | D        | Reached XP level 1. HP: 19/19 MP: 0/0
    23 | D        | Noticed a worker ant
    29 | D        | Killed a worker ant
    29 | D        | Reached skill level 5 in Fighting
    29 | D        | Reached skill level 5 in Armour
    29 | D        | Reached skill level 5 in Shields
    29 | D        | Reached XP level 2. HP: 29/29 MP: 1/1
    29 | D        | Reached XP level 3. HP: 36/36 MP: 2/2
    39 | D        | Found a roughly hewn altar of Beogh.
    39 | D        | Found a snail-covered altar of Cheibriados.
    39 | D        | Found a shadowy altar of Dithmenos.
    39 | D        | Found a white marble altar of Elyvilon.
    39 | D        | Found a blossoming altar of Fedhas.
    39 | D        | Found an opulent altar of Gozag.
    40 | D        | Found a hazy altar of Hepliaklqana.
    41 | D        | Found a viscous altar of Jiyva.
    42 | D        | Found an ancient bone altar of Kikubaaqudgha.
    43 | D        | Found a corrupted altar of Lugonu.
    44 | D        | Found a burning altar of Makhleb.
    45 | D        | Found a sparkling altar of Nemelex Xobeh.
    46 | D        | Found an iron altar of Okawaru.
    47 | D        | Found a stormy altar of Qazlal.
    48 | D        | Found a sacrificial altar of Ru.
    49 | D        | Found a shimmering blue altar of Sif Muna.
    50 | D        | Found a bloodstained altar of Trog.
    51 | D        | Found a hide-covered altar of Uskayaw.
    52 | D        | Found a radiant altar of Vehumet.
    53 | D        | Found an ornate altar of the Wu Jian Council.
    54 | D        | Found a shimmering altar of Xom.
    55 | D        | Found a basalt altar of Yredelemnul.
    56 | D        | Found a glowing silver altar of Zin.
    57 | D        | Found a glowing golden altar of the Shining One.
    58 | D        | Became a worshipper of Trog the Wrathful
   115 | D        | Noticed a centaur
   115 | D        | Noticed a centaur
   115 | D        | Noticed a scorpion
   115 | D        | Noticed a centaur
   119 | D        | Killed a centaur
   119 | D        | Reached XP level 4. HP: 32/45 MP: 3/3
   122 | D        | Killed a centaur
   122 | D        | Reached XP level 5. HP: 31/52 MP: 4/4
   124 | D        | Reached * piety under Trog
   124 | D        | Reached skill level 1 in Dodging
   127 | D        | Killed a centaur
   127 | D        | Reached XP level 6. HP: 36/61 MP: 5/5
   129 | D        | Reached ** piety under Trog
   255 | D        | Noticed a slime creature
   255 | D        | Noticed a centaur warrior
   261 | D        | Killed a slime creature
   261 | D        | Reached skill level 10 in Long Blades
   267 | D        | Killed a centaur warrior
   267 | D        | Reached skill level 10 in Fighting
   267 | D        | Reached skill level 10 in Armour
   267 | D        | Reached XP level 7. HP: 73/73 MP: 6/6
   267 | D        | Reached XP level 8. HP: 80/80 MP: 7/7
   268 | D        | Reached *** piety under Trog
   423 | D        | Noticed a six-headed hydra
   423 | D        | Noticed a black mamba
   426 | D        | Reached skill level 10 in Shields
   431 | D        | Killed a ten-headed hydra
   431 | D        | Reached **** piety under Trog
   431 | D        | Reached skill level 15 in Long Blades
   431 | D        | Reached XP level 9. HP: 89/89 MP: 8/8
   435 | D        | Killed a black mamba
   435 | D        | Noticed a cane toad
   452 | D        | Reached ***** piety under Trog
   455 | D        | Killed a cane toad
   557 | D        | Noticed a polar bear
   557 | D        | Noticed a torpor snail
   566 | D        | Noticed a komodo dragon
   568 | D        | Killed a polar bear
   571 | D        | Killed a torpor snail
   571 | D        | Reached XP level 10. HP: 101/101 MP: 9/9
   580 | D        | Received a gift from Trog
   633 | D        | Reached skill level 1 in Evocations
   655 | D        | Reached ****** piety under Trog
   743 | D        | Noticed Urug
   754 | D        | Killed Urug
   936 | D        | Received a gift from Trog
   960 | D        | Received a gift from Trog
  1242 | D        | Noticed an orc knight
  1245 | D        | Received a gift from Trog
  1256 | D        | Killed an orc knight
  1256 | D        | Reached skill level 15 in Fighting
  1256 | D        | Reached XP level 11. HP: 112/112 MP: 3/10
  1265 | D        | Received a gift from Trog
  1311 | D        | Found Zuugesm's Distillery.
  1311 | D        | Noticed an orc sorcerer
  1319 | D        | Killed an orc sorcerer
  1319 | D        | Reached skill level 1 in Stealth
  1320 | D        | Found Sayf's Armour Shoppe.
  1324 | D        | Received a gift from Trog
  1325 | D        | Found Nuupp's General Store.
  1325 | D        | Noticed an orc sorcerer
  1329 | D        | Noticed an orc sorcerer
  1333 | D        | Received a gift from Trog
  1334 | D        | Found Atozutez's Distillery.
  1339 | D        | Noticed a soul eater
  1348 | D        | Killed an orc sorcerer
  1349 | D        | Killed an orc sorcerer
  1356 | D        | Received a gift from Trog
  1429 | D        | Bought a potion of curing for 36 gold pieces
  1429 | D        | Bought 2 potions of heal wounds for 120 gold pieces
  1429 | D        | Bought a potion of heal wounds for 60 gold pieces
  1429 | D        | Bought a potion of might for 48 gold pieces
  1437 | D        | Bought a +1 kite shield of fire resistance for 231 gold
                  | pieces
  1448 | D        | Bought a +0 pair of gloves of strength for 161 gold pieces
  1455 | D        | Bought a potion of berserk rage for 70 gold pieces
  1455 | D        | Bought a potion of invisibility for 112 gold pieces
  1455 | D        | Bought a scroll of enchant weapon for 105 gold pieces
  1455 | D        | Bought a scroll of identify for 28 gold pieces
  1457 | D        | Bought a potion of heal wounds for 70 gold pieces
  1457 | D        | Bought a potion of curing for 42 gold pieces
  1457 | D        | Bought a potion of heal wounds for 70 gold pieces
  1463 | D        | Bought 2 potions of curing for 72 gold pieces
  1463 | D        | Bought a potion of curing for 36 gold pieces
  1637 | D        | Noticed a tengu warrior
  1637 | D        | Noticed a cyan ugly thing
  1640 | D        | Received a gift from Trog
  1644 | D        | Noticed a deep elf mage
  1645 | D        | Killed a tengu warrior
  1645 | D        | Noticed a vampire knight
  1646 | D        | Noticed a red ugly thing
  1647 | D        | Killed a cyan ugly thing
  1649 | D        | Reached skill level 1 in Throwing
  1651 | D        | Killed a deep elf mage
  1651 | D        | Received a gift from Trog
  1655 | D        | Noticed a centaur warrior
  1658 | D        | Paralysed by something for 5 turns
  1659 | D        | Noticed a vampire mage
  1665 | D        | Killed a vampire knight
  1667 | D        | Killed a red ugly thing
  1676 | D        | Reached skill level 15 in Shields
  1683 | D        | Killed a centaur warrior
  1687 | D        | Killed a vampire mage
  1687 | D        | Received a gift from Trog
  1687 | D        | Reached skill level 15 in Armour
  1877 | D        | Noticed a deep troll shaman
  1883 | D        | Killed a deep troll shaman
  2079 | D        | Noticed Aizul
  2094 | D        | Killed Aizul
  2094 | D        | Reached XP level 12. HP: 126/126 MP: 11/11
  2305 | D        | Received a gift from Trog
  2511 | D        | Noticed a ghost crab
  2523 | D        | Killed a ghost crab
  2635 | D        | Noticed an anaconda
  2639 | D        | Noticed a nagaraja
  2640 | D        | Received a gift from Trog
  2642 | D        | Killed an anaconda
  2647 | D        | Received a gift from Trog
  2656 | D        | Killed a nagaraja
  2656 | D        | Reached skill level 5 in Throwing
  2914 | D        | Noticed an emperor scorpion
  2917 | D        | Received a gift from Trog
  2936 | D        | Killed an emperor scorpion
  2936 | D        | Reached XP level 13. HP: 126/137 MP: 12/12
  3132 | D        | Noticed Snorg
  3133 | D        | Noticed Agnes
  3141 | D        | Killed Snorg
  3141 | D        | Received a gift from Trog
  3144 | D        | Killed Agnes
  3201 | D        | Noticed Nergalle
  3209 | D        | Killed Nergalle
  3224 | D        | Noticed Rupert
  3226 | D        | Paralysed by Rupert for 4 turns
  3237 | D        | Paralysed by Rupert for 6 turns
  3246 | D        | Killed Rupert
  3420 | D        | Noticed a fire dragon
  3424 | D        | Received a gift from Trog
  3424 | D        | Noticed a brown very ugly thing
  3426 | D        | Killed a fire dragon
  3428 | D        | Noticed a fire dragon
  3430 | D        | Noticed a frost giant
  3438 | D        | Killed a brown very ugly thing
  3441 | D        | Noticed a fire dragon
  3449 | D        | Killed a fire dragon
  3454 | D        | Killed a frost giant
  3454 | D        | Received a gift from Trog
  3470 | D        | Noticed a stone giant
  3472 | D        | Noticed a fire dragon
  3475 | D        | Killed a fire dragon
  3477 | D        | Received a gift from Trog
  3500 | D        | Killed a stone giant
  3503 | D        | Killed a fire dragon
  3503 | D        | Received a gift from Trog
  3798 | D        | Noticed a vault warden
  3805 | D        | Killed a vault warden
  3805 | D        | Reached XP level 14. HP: 139/149 MP: 13/13
  3819 | D        | Noticed a vault warden
  3822 | D        | Received a gift from Trog
  3834 | D        | Noticed a green very ugly thing
  3840 | D        | Killed a vault warden
  3842 | D        | Killed a green very ugly thing
  3844 | D        | Received a gift from Trog
  4142 | D        | Received a gift from Trog
  4202 | D        | Reached skill level 5 in Dodging
  4435 | D        | Noticed Jory
  4445 | D        | Killed Jory
  4467 | D        | Noticed Margery
  4474 | D        | Received a gift from Trog
  4485 | D        | Killed Margery
  4502 | D        | Noticed Nikola
  4517 | D        | Killed from afar by Nikola

Illustrated notes

Levels and vault maps discovered:
D:        linesprint [early_d, line_temple, items_1, d_10, items_2, lair_1,
          lair_end, items_3, orc_1, orc_end, items_4, d_15, swamp_1, shoals_1,
          snake_1, spider_1, d_20, vaults_1, items_5, swamp_end, shoals_end,
          snake_end, spider_end, vaults_end, d_27, items_6, zot_1, zot_end,
          crypt_end, forest_end, elf_end, slime_end, tomb_end, abyss_end,
          pan_hell_end]

Skill      XL: |  1  2  3  4  5  6  7  8  9 10 11 12 13 14 |
---------------+-------------------------------------------+-----
Fighting       | 5 6 7 8 10 11 13 15 17 19 20 22 | 22.5
Armour         | 5 6 7 8 10 11 12 15 17 19 20 | 20.1
Shields        | 5 6 7 8 9 10 11 13 15 18 21 23 | 23.1
Long Blades    | 4 6 7 9 13 15 18 19 20 21 22 23 | 23.8
Dodging        | 1 2 3 4 5 |  5.8
Evocations     | 1 2 3 4 |  4.6
Stealth        | 1 2 |  2.7
Throwing       | 2 6 8 9 |  9.3

Action                   |  1- 3 |  4- 6 |  7- 9 | 10-12 | 13-15 || total
-------------------------+-------+-------+-------+-------+-------++-------
Melee: Long sword        |    22 |       |       |       |       ||    22
       Headbutt          |     3 |     6 |     8 |    66 |    56 ||   139
       Scimitar          |     3 |    18 |    42 |   175 |   191 ||   429
       Falchion          |       |       |       |    62 |       ||    62
Throw: Javelin           |       |       |       |    19 |     6 ||    25
Invok: Berserk           |       |     1 |     2 |     9 |     6 ||    18
       Brothers in Arms  |       |       |       |     1 |     2 ||     3
Evoke: Wand              |       |       |     1 |     6 |     3 ||    10
  Use: Scroll            |       |       |     1 |       |     2 ||     3
       Potion            |       |       |       |     1 |     2 ||     3
Armor: Scale mail        |     7 |       |       |       |       ||     7
       Plate armour      |     2 |     6 |    11 |    77 |    36 ||   132
       Chain mail        |       |       |       |       |    12 ||    12
Dodge: Dodged            |     4 |     2 |     8 |    62 |    53 ||   129
Block: Kite shield       |    11 |     6 |    17 |   135 |    93 ||   262
       Rpst.: Scimitar   |       |     1 |     2 |    15 |     7 ||    25
       Falchion          |       |       |       |     1 |       ||     1

Table legend: (Time is in decaauts)
 A = Elapsed time spent in this place.
 B = Non-inter-level travel time spent in this place.
 C = Inter-level travel time spent in this place.
 D = Time resting spent in this place.
 E = Time spent auto-exploring this place.
 F = Levels seen in this place.
 G = Mean time per level.
                   A        B        C        D        E       F      G
               +--------+--------+--------+--------+--------+-----+--------+
         Total |   4492 |   4492 |      0 |   2430 |    445 |   1 | 4492.0 |
       Dungeon |   4492 |   4492 |      0 |   2430 |    445 |   1 | 4492.0 |
               +--------+--------+--------+--------+--------+-----+--------+

Top non-repeatable levels by time:
       D: 4492 daAuts
